 Dungeon Crawl Stone Soup version 0.21.0 (webtiles) character file.

6 LostNumber the Thaumaturge (level 1, 12/13 HPs)
             Began as a Gnoll Wanderer on Jan 6, 2018.
             Got out of the dungeon alive.
             The game lasted 00:00:38 (132 turns).

LostNumber the Thaumaturge (Gnoll Wanderer)          Turns: 132, Time: 00:00:38

Health: 12/13      AC:  2    Str: 12    XL:     1   Next: 90%
Magic:  10/10      EV: 11    Int: 16    God:
Gold:   20         SH:  0    Dex: 14    Spells: 18/18 levels left

rFire    . . .     SeeInvis .   e - +0 dagger
rCold    . . .     Gourm    .   (no shield)
rNeg     . . .     Faith    .   d - +0 robe
rPois    .         Spirit   .   (no helmet)
rElec    .         Reflect  .   (no cloak)
rCorr    .         Harm     .   (no gloves)
MR       .....                  (no boots)
Stlth    +++.......             (no amulet)
HPRegen  0.04/turn              (no ring)
MPRegen  0.12/turn              (no ring)

@: no status effects
A: distributed training, fangs 1, strong nose
a: no special abilities


You escaped.
You were not hungry.

You visited 1 branch of the dungeon, and saw 1 of its levels.

You collected 20 gold pieces.

Inventory:

Hand Weapons
 e - a +0 dagger (weapon)
Armour
 d - a +0 robe (worn)
Potions
 c - a potion of lignification
Books
 a - a book of Minor Magic

   Spells                             Type                      Level
   a - Magic Dart                     Conjuration                  1
   b - Blink                          Translocation                2
   c - Call Imp                       Summoning                    2
   d - Slow                           Hexes                        2
   e - Conjure Flame                  Conjuration/Fire             3
   f - Mephitic Cloud                 Conjuration/Poison/Air       3
 b - Sif Muna's Almanac of the Mountains

   Spells                             Type                      Level
   a - Sandblast                      Earth                        1
   b - Stone Arrow                    Conjuration/Earth            3
Comestibles
 f - 2 rations


   Skills:
 + Level 0.1 Fighting
 + Level 4.4 Short Blades
 + Level 0.1 Long Blades
 + Level 0.1 Axes
 + Level 0.1 Maces & Flails
 + Level 0.1 Polearms
 + Level 0.1 Staves
 + Level 0.1 Slings
 + Level 0.1 Bows
 + Level 0.1 Crossbows
 + Level 0.1 Throwing
 + Level 0.1 Armour
 + Level 0.1 Dodging
 + Level 4.0 Stealth
 + Level 0.1 Shields
 + Level 0.1 Unarmed Combat
 + Level 9.2 Spellcasting
 + Level 0.1 Conjurations
 + Level 0.1 Hexes
 + Level 0.1 Charms
 + Level 0.1 Summonings
 + Level 2.0 Necromancy
 + Level 0.1 Translocations
 + Level 0.1 Transmutations
 + Level 0.1 Fire Magic
 + Level 0.1 Ice Magic
 + Level 0.1 Air Magic
 + Level 0.1 Earth Magic
 + Level 0.1 Poison Magic
 + Level 0.2 Invocations
 + Level 2.4 Evocations


You had 18 spell levels left.
You didn't know any spells.

Dungeon Overview and Level Annotations

Branches:
Dungeon (1/15)

Altars:


Innate Abilities, Weirdness & Mutations

Your experience applies equally to all skills.
You have very sharp teeth.
Your uncanny sense of smell can sniff out nearby items.


Message History

You closely miss the giant cockroach. The giant cockroach barely misses you.
You closely miss the giant cockroach.
The giant cockroach bites you but does no damage.
You hit the giant cockroach but do no damage.
Your bite misses the giant cockroach.
The giant cockroach bites you but does no damage.
You hit the giant cockroach.
You bite the giant cockroach, but do no damage.
The giant cockroach is severely wounded.
The giant cockroach closely misses you.
You hit the giant cockroach.
You kill the giant cockroach!
No target in view!
No target in view!
Unknown command.
Unknown command.
Found a stone staircase leading down.
There is a staircase leading out of the dungeon here.
Are you sure you want to leave the Dungeon?
This will make you lose the game!
You have escaped!

#####.##..........
######.##....#.#.#.
##...##)##....#.###.
##..#..#.###.#.....#.
.####..#.#...)...#.#.#.#.
......#...#......#.#...#.
.#####.....#####...######
..#...........#..........
#..#....@....#..########.
...#.(.......#..## #.
..#...........#..# ..
.#####.....#####.# #.#.
......#...#......#####.#.
.......#.#...............
####....#....#.##........
##.......##.##........
##.....###.##........


There were no monsters in sight!

Vanquished Creatures
  A bat (D:1)
  A giant cockroach (D:1)
  A goblin (D:1)
  A hobgoblin (D:1)
  A kobold (D:1)
5 creatures vanquished.

Notes
Turn   | Place    | Note
-------+----------+-------------------------------------------
     0 | D:1      | Reached skill level 9 in Spellcasting
     0 | D:1      | LostNumber the Gnoll Wanderer began the quest for the Orb.
     0 | D:1      | LostNumber set off with: a book of Minor Magic, Sif Muna's Almanac of the Mountains, a potion of lignification, a +0 robe, a +0 dagger, a ration
     0 | D:1      | Reached XP level 1. HP: 13/13 MP: 10/10
     0 | D:1      | Identified Sif Muna's Almanac of the Mountains
   132 | D:$      | Got out of the dungeon alive.

Skill      XL: |  1 |
---------------+----+-----
Spellcasting   | |  9.2
Necromancy     | 2 |  2.0
Fighting       | |  0.1
Short Blades   | |  4.4
Long Blades    | |  0.1
Axes           | |  0.1
Maces & Flails | |  0.1
Polearms       | |  0.1
Staves         | |  0.1
Slings         | |  0.1
Bows           | |  0.1
Crossbows      | |  0.1
Throwing       | |  0.1
Armour         | |  0.1
Dodging        | |  0.1
Stealth        | |  4.0
Shields        | |  0.1
Unarmed Combat | |  0.1
Conjurations   | |  0.1
Hexes          | |  0.1
Charms         | |  0.1
Summonings     | |  0.1
Translocations | |  0.1
Transmutations | |  0.1
Fire Magic     | |  0.1
Ice Magic      | |  0.1
Air Magic      | |  0.1
Earth Magic    | |  0.1
Poison Magic   | |  0.1
Invocations    | |  0.2
Evocations     | |  2.4

Action                   || total
-------------------------++-------
Melee: Dagger            ||    23
       Bite              ||     2
 Stab: Sleeping          ||     1
Armor: Robe              ||    12
Dodge: Dodged            ||    16
